 Dungeon Crawl Stone Soup version 0.29-a0-369-gd956c00756 (webtiles) character file.

Game seed: 7957515109529635831

129 siradein the Magician (level 4, -5/30 HPs)
             Began as a Mummy Hedge Wizard on May 2, 2022.
             Killed from afar by Natasha (10 damage)
             ... with a puff of flame
             ... on level 3 of the Dungeon.
             The game lasted 00:07:02 (3315 turns).

siradein the Magician (Mummy Hedge Wizard)          Turns: 3315, Time: 00:07:03

Health: -5/30      AC:  3    Str: 13    XL:     4   Next: 88%
Magic:  6/13       EV: 12    Int: 15    God:
Gold:   152        SH:  0    Dex: 11    Spells: 9/17 levels left

rFire   x . .      SeeInvis .   l - +0 quarterstaff
rCold   + . .      Faith    .   (shield currently unavailable)
rNeg    + + +      Spirit   .   b - +0 robe
rPois   ∞          Reflect  .   c - +0 hat
rElec   .          Harm     .   i - +0 cloak
rCorr   .          Rampage  .   (no gloves)
Will    .....                   (no boots)
Stlth   ++........              (no amulet)
HPRegen 0.10/turn               (no ring)
MPRegen 0.13/turn               (no ring)

@: slowed, very slow
A: cold resistance 1, negative energy resistance 3, torment resistance 2, heat
vulnerability 1, in touch with death 1, no potions
a: no special abilities


You were on level 3 of the Dungeon.
You visited 1 branch of the dungeon, and saw 3 of its levels.

You collected 152 gold pieces.

Inventory:

Hand Weapons
 l - a +0 quarterstaff (weapon)
Armour
 b - a +0 robe (worn)
 c - a +0 hat (worn)
 i - a +0 cloak (worn)
Wands
 a - a wand of iceblast (4)
Scrolls
 d - a scroll of blinking {unknown}
 e - a scroll of noise {unknown}
 f - 6 scrolls of identify {unknown}
 g - a scroll of silence {unknown}
 h - 2 scrolls of fear {unknown}
 j - a scroll of immolation {unknown}
 k - a scroll of brand weapon {unknown}


   Skills:
 - Level 1.5 Dodging
 - Level 1.5 Stealth
 + Level 7.0 Spellcasting
 - Level 0.7 Conjurations
 - Level 0.7 Summonings
 - Level 0.7 Translocations


You had 9 spell levels left.
You knew the following spells:

 Your Spells              Type           Power      Damage    Failure   Level
a - Magic Dart            Conj           28%        1d4       10%         1
b - Call Imp              Summ           7%         N/A       16%         2
c - Blink                 Tloc           14%        N/A       16%         2
d - Mephitic Cloud        Conj/Pois/Air  6%         N/A       34%         3

Your spell library contained the following spells:

 Spells                   Type           Power      Damage    Failure   Level
 Slow                     Hex            20%        N/A       13%         1
 Conjure Flame            Conj/Fire      6%         6-21      34%         3


Dungeon Overview and Level Annotations

Branches:
Dungeon (3/15)

Altars:

Annotations:
D:3 1 runed translucent door, Crazy Yiuf, Natasha


Innate Abilities, Weirdness & Mutations

You are immune to poison.
Your flesh is cold resistant. (rC+)
You are immune to negative energy. (rN+++)
You are immune to unholy pain and torment.
You are vulnerable to heat. (rF-)
You are in touch with the powers of death.
You do not drink.


Message History

The magic dart hits Natasha.
Natasha is heavily wounded.
Unknown command.
Casting: Magic Dart (safe; 10% risk of failure)
Confirm with . or Enter, or press ? or * to list all spells.
Aiming: Magic Dart (safe; 10% risk of failure)
Press: ? - help, Shift-Dir - straight line, f/p - Natasha
Aim: Natasha, carrying a wand of flame (5) (heavily wounded, spells empowered, 100% to hit)
The magic dart hits Natasha.
Natasha is severely wounded.
Natasha mumbles some strange words.
You see here the felid corpse of Natasha.
Natasha casts a spell at you. You resist with significant effort.
Your magical contamination has completely faded away.
Natasha casts a spell.
Natasha zaps a wand.
The puff of flame hits you! The fire burns you terribly!
* * * LOW HITPOINT WARNING * * *
Natasha casts a spell.
The shadow imp spits at you.
The crimson imp blinks!
Natasha extends her claws.
The crimson imp blinks!
The crimson imp attacks as you move away!
The crimson imp closely misses you.
The crimson imp blinks!
Natasha seems less brilliant.
You see here a ball python skeleton.
Natasha drinks a potion.
Natasha's spells are empowered!
Natasha casts a spell at you.
You feel yourself slow down.
Natasha mumbles some strange words.
Natasha casts a spell at you. The magic dart hits you.
* * * LOW HITPOINT WARNING * * *
The shadow imp grinds its teeth.
Natasha casts a spell at you. You resist with significant effort.
Natasha zaps a wand.
The puff of flame misses you.
Natasha zaps a wand.
The puff of flame hits you! The fire burns you terribly!
You die...

#...#####.# #S.. #...# #.#
#.. #...# #.# #.# #
#...#####.###########.#.#
....'....(.†............#
#...#####.###########.### #
..####....#.). ....# ...
..####....#.##########..#....
....)...........@.........?>.
...........h###.####.##.#...h
..#.######..# #.#..<...h#....
..#.# #..# #.####.####.##
.5#.# ##.# #.............
..#.#######.########.###....
.5#........h.# #.# ..
..##########5## #.#
..##########..# #.#


You could see Natasha (empowered).

Vanquished Creatures
  Natasha (D:3)
  4 adders
  A worm (D:3)
  3 dart slugs
  An orc (D:3)
  3 ball pythons
  6 bats
  3 endoplasms
  4 giant cockroaches
  7 goblins
  6 hobgoblins
  3 quokkas
  5 frilled lizards
  6 kobolds
  6 rats
59 creatures vanquished.

Notes
Turn   | Place    | Note
-------+----------+-------------------------------------------
     0 | D:1      | siradein the Mummy Hedge Wizard began the quest for the
                  | Orb.
     0 | D:1      | Reached XP level 1. HP: 13/13 MP: 5/5
   458 | D:1      | Reached XP level 2. HP: 16/19 MP: 0/7
   711 | D:1      | Learned a level 2 spell: Call Imp
   714 | D:1      | Learned a level 2 spell: Blink
   959 | D:1      | Found a faded altar of an unknown god.
   979 | D:1      | Reached skill level 5 in Spellcasting
  1596 | D:2      | Gained mutation: You are in touch with the powers of death.
                  | [Mummy growth]
  1596 | D:2      | Reached XP level 3. HP: 24/24 MP: 3/10
  1881 | D:2      | Reached skill level 6 in Spellcasting
  2144 | D:2      | Reached XP level 4. HP: 28/30 MP: 1/12
  2676 | D:2      | You fall into a shaft and drop 1 floor!
  2813 | D:3      | Learned a level 3 spell: Mephitic Cloud
  3088 | D:3      | Noticed Natasha
  3243 | D:3      | Found a runed translucent door.
  3244 | D:3      | Noticed Crazy Yiuf
  3264 | D:3      | Killed Natasha
  3265 | D:3      | Reached skill level 7 in Spellcasting
  3271 | D:3      | Noticed Natasha
  3315 | D:3      | Killed from afar by Natasha

Illustrated notes

Levels and vault maps discovered:
D:1:      dreamdust_arrival_beginning_and_end, layout_loops_corners,
          hellmonk_ecumenical_altar_leap_of_faith
D:2:      kennysheep_six_static_rooms, layout_rooms, serial_shops, shop
D:3:      layout_basic, uniq_crazy_yiuf_cottage, uniq_natasha

Skill      XL: |  1  2  3  4 |
---------------+-------------+-----
Spellcasting   | 5 6 7 |  7.0
Dodging        | |  1.5
Stealth        | |  1.5
Conjurations   | |  0.7
Summonings     | |  0.7
Translocations | |  0.7

Action                   |  1- 3 |  4- 6 || total
-------------------------+-------+-------++-------
Melee: Dagger            |    19 |    15 ||    34
       Punch             |     1 |       ||     1
       Quarterstaff      |       |     5 ||     5
 Cast: Magic Dart        |   104 |    71 ||   175
       Call Imp          |       |     1 ||     1
Armor: Robe              |    10 |     8 ||    18
Dodge: Dodged            |    33 |    34 ||    67

Table legend: (Time is in decaauts)
 A = Elapsed time spent in this place.
 B = Non-inter-level travel time spent in this place.
 C = Inter-level travel time spent in this place.
 D = Time resting spent in this place.
 E = Time spent auto-exploring this place.
 F = Levels seen in this place.
 G = Mean time per level.
                   A        B        C        D        E       F      G
               +--------+--------+--------+--------+--------+-----+--------+
         Total |   3319 |   3280 |     39 |    336 |   2373 |   3 | 1106.3 |
       Dungeon |   3319 |   3280 |     39 |    336 |   2373 |   3 | 1106.3 |
               +--------+--------+--------+--------+--------+-----+--------+

Top non-repeatable levels by time:
     D:1: 1559 daAuts
     D:2: 1116 daAuts
     D:3: 643 daAuts
